Construct Section Command Post
Selects Heavy Armor Battlegroup
Selects Rigorous Vehicle Training
Construct Platoon Command Post
Unlock Bishop Self-propelled Artillery
Bishop Self-propelled Artillery
6-pounder Anti-tank Gun Team
Bishop Self-propelled Artillery
Bishop Self-propelled Artillery
Selects Forward Repair Assembly
6-pounder Anti-tank Gun Team
Construct Field Infirmary
Selects Light Vehicle Withdraw and Refit
Construct Company Command Post
Unlock Towed 17-pounder Anti-tank Guns
Bishop Self-propelled Artillery
17-pounder Anti-tank Gun Team